 Dungeon Crawl Stone Soup version 0.30-a0-222-ge547ba4400 (webtiles) character file.

Game seed: 15254434902278762465

377034 Supernova1 the Phalangite (level 21, -1/312 (316) HPs)
             Began as a Minotaur Berserker on Oct 6, 2022.
             Was a High Priest of Trog.
             Slain by a vault warden
             ... wielding a +4 long sword of draining
              (26 damage)
             ... on level 4 of the Vaults on Oct 8, 2022.
             The game lasted 05:28:41 (46820 turns).

Supernova1 the Phalangite (Minotaur Berserker)     Turns: 46820, Time: 05:28:44

HP:   -1/312 (316)  AC: 31    Str: 33    XL:     21   Next: 81%
MP:   0/20          EV: 11    Int:  1    God:    Trog [*****.]
Gold: 2736          SH: 22    Dex: 10    Spells: 20/20 levels left

rFire   + . .      SeeInvis +    v - +9 demon trident (elec)
rCold   . . .      Faith    .    V - +0 tower shield {AC+3}
rNeg    + . .      Spirit   .    w - +3 plate armour {rF+}
rPois   .          Reflect  .    (helmet unavailable)
rElec   .          Harm     .    b - +2 cloak of Untruth {SInv}
rCorr   .          Rampage  .    g - +3 Mad Mage's Maulers {Infuse+∞ RegenMP Int-3}
Will    +++++      Rage     50%  n - +3 pair of boots "Nonnoqi" {rN+ Int+3}
Stlth   ..........               X - necklace of Bloodlust {*Rage Will++ Int-3 Slay+6}
HPRegen 1.72/turn                p - +4 ring of slaying
MPRegen 0.57/turn                M - +4 ring of protection

@: berserking, strong-willed, corroded, regenerating, lightly drained, very
quick
A: horns 3, retaliatory headbutt
}: 2/15 runes: serpentine, barnacled
a: Renounce Religion, Berserk, Trog's Hand, Brothers in Arms


You were on level 4 of the Vaults.
You worshipped Trog.
Trog was extremely pleased with you.
You visited 7 branches of the dungeon, and saw 38 of its levels.
You also visited: Bailey, Gauntlet and Ice Cave.

You collected 4334 gold pieces.
You spent 1598 gold pieces at shops.

Inventory:

Hand Weapons
 v - a +9 demon trident of electrocution (weapon)
Missiles
 Y - 9 silver javelins
Armour
 b - the +2 cloak of Untruth (worn) {SInv}
   (You found it in a Gauntlet)

   SInv:      It lets you see invisible.
 g - the +3 Mad Mage's Maulers (worn) {Infuse+∞ RegenMP Int-3}
   (You found it on level 3 of the Elven Halls)

   It empowers its wearer's blows with all of their magic.
   It causes its wearer's magical reserves to regenerate more quickly.
   Int:       It affects your intelligence (-3).
 n - the +3 pair of boots "Nonnoqi" (worn) {rN+ Int+3}
   (You bought it in a shop on level 1 of the Elven Halls)

   Int:       It affects your intelligence (+3).
   rN:        It protects you from negative energy.
 t - a scarf of resistance
 w - a +3 plate armour of fire resistance (worn)
 R - a +2 ring mail of poison resistance
 V - a +0 tower shield of protection (worn)
 Z - +1 shadow dragon scales
Jewellery
 a - a ring of flight
 e - a +4 ring of protection
 i - an amulet of magic regeneration
 o - a ring of protection from fire
 p - a +4 ring of slaying (left hand)
 s - a +6 ring of strength
 C - the ring of Udeid {rElec rPois Will- Str+2 Dex+6}
   (You took it off a deep elf demonologist on level 3 of the Elven Halls)

   [ring of dexterity]

   Str:       It affects your strength (+2).
   Dex:       It affects your dexterity (+6).
   rElec:     It insulates you from electricity.
   rPois:     It protects you from poison.
   Will:      It decreases your willpower.
 E - an amulet of faith
 I - a ring of positive energy
 K - a +6 ring of strength
 M - a +4 ring of protection (right hand)
 T - a +4 ring of slaying
 X - the necklace of Bloodlust (around neck) {*Rage Will++ Int-3 Slay+6}
   (You bought it in a shop on level 2 of the Orcish Mines)

   [amulet of nothing]

   It extends the wearer's berserk rage when killing foes.
   Int:       It affects your intelligence (-3).
   Slay:      It affects your accuracy & damage with ranged weapons and melee
   (+6).
   *Rage:     It berserks you when you make melee attacks (+50% chance).
   Will:      It greatly increases your willpower.
Wands
 j - a wand of flame (71)
 r - a wand of quicksilver (2)
 u - a wand of iceblast (24)
 x - a wand of polymorph (5)
 y - a wand of mindburst (18)
 U - a wand of paralysis (6) (quivered)
Scrolls
 c - 15 scrolls of teleportation
 m - 6 scrolls of blinking
 q - 6 scrolls of butterflies
 D - 4 scrolls of summoning
 F - a scroll of enchant weapon
 G - 8 scrolls of fear
Potions
 d - 9 potions of mutation
 f - 13 potions of attraction
 h - 7 potions of lignification
 k - 3 potions of haste
 l - 16 potions of curing
 z - 6 potions of cancellation
 A - 4 potions of brilliance
 B - 8 potions of heal wounds
 H - a potion of magic
 J - a potion of ambrosia
 L - 7 potions of flight
 N - a potion of resistance
 P - 2 potions of invisibility
 Q - 3 potions of might
 W - 2 potions of berserk rage
Miscellaneous
 O - a lightning rod (4/4)


   Skills:
 + Level 23.2 Fighting
 + Level 9.9(19.2) Axes
 + Level 25.3(25.9) Polearms
 + Level 20.3 Armour
 + Level 10.1 Dodging
 + Level 5.2 Stealth
 + Level 24.1 Shields
 + Level 1.5 Evocations


You had 20 spell levels left.
You didn't know any spells.
Your spell library was empty.

Dungeon Overview and Level Annotations

Branches:
Dungeon (15/15)            Temple (0/1) D:4            Lair (5/5) D:10
 Shoals (4/4) Lair:2        Snake (4/4) Lair:3        Slime (0/5) Lair:4
    Orc (2/2) D:11            Elf (3/3) Orc:2        Vaults (5/5) D:13
  Crypt (0/3) Vaults:2     Bailey (visited)           IceCv (visited)
Gauntlet (visited)
 Depths: D:15

Altars:
Cheibriados
Fedhas
Gozag
Hepliaklqana
Kikubaaqudgha
Makhleb
Qazlal
Sif Muna
Uskayaw
Vehumet
Wu Jian
Xom
Yredelemnul
Zin
The Shining One

Shops:
D:9 *[   Orc:2 [(*=   Elf:1 [(?(   Shoals:3 [=   Shoals:4 *   Snake:3 **(=*[
Snake:4 ?   Vaults:4 :

Annotations:
Lair:4 3 runed translucent doors, Muleplesh's ghost, journeyman FeTm
Lair:5 2 runed translucent doors, Pissyil's ghost, journeyman GnRe
Snake:1 2 transporters, exclusion: orange crystal statue


Innate Abilities, Weirdness & Mutations

You have a pair of large horns on your head.
You reflexively headbutt those who attack you in melee.


Message History

Something smites you!
* * * LOW HITPOINT WARNING * * *
The vault sentinel blows a loud note on a signal horn!
The vault guard hits you but does no damage.
The tengu reaver hits you but does no damage.
You hear a shout! x6
The redback bites you but does no damage.
The deep elf demonologist simulacrum closely misses you.
The entropy weaver casts a spell at you.
The entropic weave corrodes you!
You climb upwards.
You feel a strong urge to attack something.
There is a stone staircase leading down, spattered with blood here.
You see here a +5 antimagic spear.
Okay, then.
You puncture the redback!
The redback is heavily wounded.
The redback's soul is no longer bound.
The yaktaur captain's soul is no longer bound.
You block the freezing wraith's attack. x2
The vault sentinel barely misses you. You furiously retaliate!
You headbutt the vault sentinel.
The vault warden hits you with a +4 long sword of draining!!
* * * LOW HITPOINT WARNING * * *
You partially resist.
You feel drained.
* * * LOW HITPOINT WARNING * * *
The yaktaur captain unwields a +0 arbalest.
The yaktaur captain hits you but does no damage.
The redback bites you but does no damage.
You impale the redback!!
You kill the redback!
Trog accepts your kill.
You spit the freezing wraith like a pig!!!
You headbutt the freezing wraith, but do no damage.
The freezing wraith is almost destroyed.
You block the freezing wraith's attack.
The freezing wraith hits you but does no damage.
You block the vault sentinel's attack.
The vault warden hits you with a +4 long sword of draining!!
You die...

..............#..####...#........
..............#..'..'...#........
..............#..#..##'##........
..............##'####..##.#######
..............##..#.#..##.##.....
..#'########..##..#'##'#####..#..
..#........#..##'##..#..#####..#.
..#........#..#cp[W..'..'..#....#
..#........#..#p@W####..#.....[..
..#........#..###########.#....(.
..#........#............#..#...##
..#........#............#...#..#
..#........#............#...#..#
..#........#............#..#...#
#######'########........#..#...##
....†'...#.....#........#...#...#
.....'...')....#........'...#...#


You could see a vault warden, a yaktaur captain, a vault sentinel (soul bound),
a phantasmal warrior and a freezing wraith.

Vanquished Creatures
  Mara (Snake:3)
  Sojobo (Vaults:2)
  Nikola (Shoals:3)
  2 golden dragons (Vaults:4)
  2 tentacled monstrosities (Vaults:5)
  Jorgrun (D:12)
  2 quicksilver dragons (Snake:4)
  2 deep elf blademasters (Elf:3)
  Polyphemus (Shoals:2)
  2 titans (Vaults:4)
  2 deep elf master archers (Elf:3)
  A sphinx (Vaults:4)
  Gastronok (Lair:1)
  2 shadow dragons
  2 storm dragons
  4 nagarajas (Snake:4)
  2 tengu reavers (Vaults:2)
  2 fire giants
  A frost giant (Vaults:4)
  9 deep elf sorcerers (Elf:3)
  11 vault wardens
  18 ironbound preservers
  Louise (Shoals:4)
  4 deep elf elementalists
  3 ironbound thunderhulks
  An orc warlord (Orc:2)
  4 stone giants
  18 very ugly things
  A war gargoyle (Vaults:4)
  3 deep elf demonologists
  3 vampire knights (Vaults:2)
  A minotaur (Gauntlet)
  6 deep elf annihilators (Elf:3)
  9 dire elephants
  6 deep elf death magi
  A fire dragon (Snake:3)
  7 merfolk javelineers
  3 ettins
  5 merfolk impalers
  A crystal guardian (Vaults:4)
  8 yaktaur captains
  An entropy weaver (Vaults:4)
  Fannar (Orc:1)
  8 great orbs of eyes
  7 deep elf high priests (Elf:3)
  5 hydras
  28 vault guards
  A salamander tyrant (Snake:3)
  A jorogumo (shapeshifter) (Vaults:5)
  2 anacondas
  An ogre mage (D:14)
  6 ironbound frosthearts
  4 merfolk avatars
  9 centaur warriors
  2 peacekeepers (Vaults:4)
  2 catoblepae
  4 merfolk aquamancers
  4 two-headed ogres
  2 satyrs (Shoals:4)
  33 dancing weapons
  3 boulder beetles
  12 naga warriors
  3 death yaks (Shoals:2)
  2 tengu warriors (D:13)
  16 shock serpents
  A shock serpent (shapeshifter) (Elf:2)
  3 orc high priests (Orc:2)
  14 naga sharpshooters
  Sonja (D:12)
  A hell knight (D:15)
  29 deep elf knights
  Amaemon (Lair:1)
  A fire crab (Gauntlet)
  4 salamander mystics
  A sixfirhy (Gauntlet)
  14 sea snakes
  A death drake (shapeshifter) (Vaults:5)
  12 lindwurms
  38 deep trolls
  A glowing orange brain (Vaults:1)
  3 naga ritualists
  9 wizards
  15 deep elf archers
  36 deep elf pyromancers
  15 ironbound convokers
  Pikel (D:8)
  2 phantasmal warriors
  12 harpies
  8 orc knights
  32 deep elf zephyrmancers
  4 necromancers
  6 orc sorcerers
  5 cyclopes
  13 manticores
  5 mana vipers
  32 ugly things
  6 fauns
  18 salamanders
  10 elephants
  Maurice (D:8)
  5 guardian serpents
  A water nymph (shapeshifter) (Vaults:3)
  13 naga magi
  32 black mambas
  A water nymph (Shoals:1)
  7 merfolk sirens
  An orange demon (Lair:1)
  An eye of devastation (shapeshifter) (Vaults:5)
  A gargoyle (D:13)
  A torpor snail (Lair:5)
  A molten gargoyle (Lair:2)
  Maggie (D:8)
  14 vault sentinels
  9 cane toads
  2 ice statues (IceCv)
  2 freezing wraiths
  2 unseen horrors
  2 kobold demonologists (Bailey)
  4 rime drakes
  8 komodo dragons
  14 yaktaurs
  2 tengu conjurers
  An efreet (D:14)
  8 trolls
  3 harpy zombies (Shoals:3)
  21 merfolk
  A meliai (shapeshifter) (D:13)
  3 polar bears
  Grinder (D:4)
  6 wind drakes
  12 snapping turtles
  23 slime creatures
  6 dream sheep
  9 blink frogs
  Prince Ribbit (D:5)
  2 air elementals
  A jumping spider (Vaults:4)
  3 wraiths
  13 water elementals
  Sigmund (D:4)
  A vampire (D:12)
  A fire bat (shapeshifter) (Vaults:5)
  49 yaks
  6 fire bats (Gauntlet)
  3 steam dragons
  6 wyverns
  2 fire elementals
  3 redbacks (Vaults:4)
  2 chaos spawn (Gauntlet)
  A neqoxec (Gauntlet)
  An elf skeleton (Vaults:1)
  10 vampire mosquitoes
  37 nagas
  A death yak simulacrum (IceCv)
  3 wargs
  12 water moccasins
  A glowing shapeshifter skeleton (Vaults:1)
  An ogre skeleton (Vaults:1)
  A manticore zombie (Shoals:3)
  A sky beast (D:7)
  An ice beast (D:6)
  3 hell hounds (Gauntlet)
  31 orc warriors
  6 black bears
  9 ogres
  An ettin simulacrum (Vaults:1)
  3 boggarts (Vaults:2)
  16 wolves
  8 centaurs
  A human skeleton (Vaults:1)
  4 kobold brigands
  2 phantoms (D:6)
  15 bullfrogs
  3 earth elementals
  A gnoll sergeant (D:9)
  A necrophage (D:6)
  4 scorpions
  A cane toad simulacrum (IceCv)
  19 killer bees
  6 electric eels
  2 howler monkeys
  A jelly (D:7)
  20 orc priests
  2 hounds
  4 iguanas
  Terence (D:2)
  14 orc wizards
  4 hell rats (Lair:2)
  A polar bear simulacrum (IceCv)
  Robin (D:2)
  9 adders
  9 gnolls
  A shadow imp (D:6)
  5 ufetubi
  2 worms (D:4)
  2 dart slugs
  62 orcs
  3 ball pythons
  3 endoplasms
  5 giant cockroaches
  21 goblins
  19 hobgoblins
  4 jackals (D:5)
  15 kobolds
  5 quokkas
  4 bats
  8 frilled lizards
  3 rats
1413 creatures vanquished.

Vanquished Creatures (collateral kills)
  The ghost of Ughesav the Grappler, a journeyman TrFi of Sif Muna (Lair:3)
  An ogre (D:14)
  2 wolf simulacra (IceCv)
4 creatures vanquished.

Vanquished Creatures (others)
  An ironbound preserver (Vaults:5)
  A deep elf pyromancer (Elf:3)
  An orc wizard (D:9)
  An orc (Vaults:5)
  14 demonic plants (Gauntlet)
  25 fungi
  179 plants
  4 tentacles (Shoals:4)
226 creatures vanquished.

Grand Total: 1643 creatures vanquished

Notes
Turn   | Place    | Note
-------+----------+-------------------------------------------
     0 | D:1      | Supernova1 the Minotaur Berserker began the quest for the
                  | Orb.
     0 | D:1      | Reached XP level 1. HP: 19/19 MP: 0/0
   141 | D:1      | Reached XP level 2. HP: 27/27 MP: 1/1
   231 | D:1      | Found a faded altar of an unknown god.
   752 | D:2      | Noticed Terence
   757 | D:2      | Killed Terence
   758 | D:2      | Reached XP level 3. HP: 33/33 MP: 2/2
   847 | D:2      | Identified the +4 chain mail of Parsimonious Knowledge
                  | {Dex+3 SInv}
   878 | D:2      | Reached XP level 4. HP: 41/41 MP: 3/3
   891 | D:2      | Found a snail-covered altar of Cheibriados.
  1035 | D:2      | Noticed Robin
  1045 | D:2      | Reached ** piety under Trog
  1056 | D:2      | Killed Robin
  1814 | D:3      | Reached skill level 5 in Axes
  2025 | D:3      | Reached skill level 5 in Fighting
  2438 | D:4      | Reached XP level 5. HP: 48/48 MP: 4/4
  2881 | D:4      | Noticed Grinder
  2888 | D:4      | Killed Grinder
  2889 | D:4      | Reached XP level 6. HP: 56/56 MP: 5/5
  2942 | D:4      | Noticed Sigmund
  2954 | D:4      | Killed Sigmund
  2955 | D:4      | Reached skill level 5 in Armour
  2955 | D:4      | Reached XP level 7. HP: 62/62 MP: 6/6
  3080 | D:4      | Found a staircase to the Ecumenical Temple.
  3522 | D:5      | Entered Level 5 of the Dungeon
  3579 | D:5      | Reached *** piety under Trog
  3617 | D:5      | Noticed Prince Ribbit
  3637 | D:5      | Killed Prince Ribbit
  3789 | D:5      | Reached XP level 8. HP: 65/70 MP: 7/7
  4366 | D:6      | Reached skill level 1 in Polearms
  4862 | D:6      | Reached skill level 2 in Polearms
  5064 | D:6      | Reached skill level 3 in Polearms
  5064 | D:6      | Reached skill level 1 in Shields
  5096 | D:6      | Reached XP level 9. HP: 78/78 MP: 8/8
  5443 | D:7      | Reached skill level 4 in Polearms
  5562 | D:7      | Reached skill level 5 in Polearms
  5751 | D:7      | Reached skill level 6 in Polearms
  5984 | D:8      | Noticed Pikel
  5988 | D:8      | Killed Pikel
  5989 | D:8      | Reached skill level 7 in Polearms
  6183 | D:8      | Noticed a two-headed ogre
  6184 | D:8      | Noticed a two-headed ogre
  6198 | D:8      | Killed a two-headed ogre
  6199 | D:8      | Reached skill level 8 in Polearms
  6199 | D:8      | Reached XP level 10. HP: 74/88 MP: 9/9
  6205 | D:8      | Killed a two-headed ogre
  6206 | D:8      | Reached skill level 9 in Polearms
  6421 | D:8      | Reached skill level 10 in Polearms
  6427 | D:8      | Reached skill level 10 in Armour
  6529 | D:8      | Noticed Maggie
  6539 | D:8      | Killed Maggie
  6554 | D:8      | Noticed Maurice
  6567 | D:8      | Killed Maurice
  6959 | D:8      | Found a burning altar of Makhleb.
  6963 | D:8      | Found a basalt altar of Yredelemnul.
  6963 | D:8      | Found a hide-covered altar of Uskayaw.
  6963 | D:8      | Found a shimmering altar of Xom.
  6965 | D:8      | Found a radiant altar of Vehumet.
  6966 | D:8      | Found a stormy altar of Qazlal.
  6967 | D:8      | Found a blossoming altar of Fedhas.
  6968 | D:8      | Found an opulent altar of Gozag.
  7050 | D:9      | Reached skill level 11 in Polearms
  7064 | D:9      | Found Epuofuy's Assorted Antiques.
  7095 | D:9      | Reached XP level 11. HP: 87/95 MP: 10/10
  7105 | D:9      | Reached skill level 1 in Stealth
  7117 | D:9      | Found Moluohuo's Antique Armour Shoppe.
  7288 | D:9      | Found a hazy altar of Hepliaklqana.
  7288 | D:9      | Found a glowing silver altar of Zin.
  7784 | D:9      | Found an ancient bone altar of Kikubaaqudgha.
  8086 | D:10     | Entered Level 10 of the Dungeon
  8119 | D:10     | Reached skill level 10 in Fighting
  8312 | D:10     | Reached skill level 12 in Polearms
  8463 | D:10     | Found a flagged portal.
  8469 | Bailey   | Entered a bailey
  8493 | Bailey   | Noticed an orc knight
  8504 | Bailey   | Killed an orc knight
  8505 | Bailey   | Reached skill level 5 in Dodging
  8712 | Bailey   | Found an iron altar of Okawaru.
  8726 | Bailey   | Reached **** piety under Trog
  8755 | Bailey   | Reached skill level 13 in Polearms
  8755 | Bailey   | Reached XP level 12. HP: 108/108 MP: 11/11
  9324 | D:10     | Found a staircase to the Lair.
  9465 | D:11     | Found a staircase to the Orcish Mines.
  9704 | D:11     | Reached skill level 14 in Polearms
  9958 | D:11     | Found a glowing golden altar of the Shining One.
 10461 | D:12     | Reached XP level 13. HP: 116/116 MP: 12/12
 10474 | D:12     | Noticed Jorgrun
 10487 | D:12     | Killed Jorgrun
 10734 | D:12     | Noticed Sonja
 10767 | D:12     | Killed Sonja
 12068 | D:13     | Reached skill level 15 in Polearms
 13152 | Lair:1   | Entered Level 1 of the Lair of Beasts
 13239 | Lair:1   | Noticed Amaemon
 13248 | Lair:1   | Killed Amaemon
 13857 | Lair:1   | Noticed Gastronok
 13865 | Lair:1   | Killed Gastronok
 14440 | Lair:2   | Found a hazy altar of Hepliaklqana.
 14462 | Lair:2   | Found a gate leading to a gauntlet.
 14471 | Gauntlet | Entered a Gauntlet
 14471 | Gauntlet | Found a transporter.
 14471 | Gauntlet | Found a transporter.
 14486 | Gauntlet | Found a transporter.
 14501 | Gauntlet | Found a transporter.
 14517 | Gauntlet | Found a transporter.
 14528 | Gauntlet | Found a transporter.
 14639 | Gauntlet | Found a transporter.
 14644 | Gauntlet | Found a transporter.
 14674 | Gauntlet | Found a transporter.
 14676 | Gauntlet | Found a large runed translucent door.
 14677 | Gauntlet | Found a large runed translucent door.
 14678 | Gauntlet | Found a large runed translucent door.
 14678 | Gauntlet | Found a large runed translucent door.
 14678 | Gauntlet | Found a runed translucent door.
 14678 | Gauntlet | Found a runed translucent door.
 14679 | Gauntlet | Found a large runed translucent door.
 14680 | Gauntlet | Found a large runed translucent door.
 14681 | Gauntlet | Found a large runed translucent door.
 14681 | Gauntlet | Found a large runed translucent door.
 14688 | Gauntlet | Found a transporter.
 14688 | Gauntlet | Gained mutation: You have a pair of large horns on your
                  | head. [a neqoxec]
 14714 | Gauntlet | Found a runed translucent gate.
 14715 | Gauntlet | Found a transporter.
 14715 | Gauntlet | Found a runed translucent gate.
 14716 | Gauntlet | Found a runed translucent gate.
 14717 | Gauntlet | Found a large runed translucent door.
 14717 | Gauntlet | Found a large runed translucent door.
 14718 | Gauntlet | Found a transporter.
 14832 | Gauntlet | Found a transporter.
 14847 | Gauntlet | Found the amulet of the Air {Inacc Air Fly rElec RMsl}
 14856 | Gauntlet | Found a transporter.
 14861 | Gauntlet | Identified the +2 cloak of Untruth {SInv}
 14966 | Gauntlet | Noticed a minotaur
 14980 | Gauntlet | Killed a minotaur
 14988 | Gauntlet | Identified the +0 ring mail of Elitism {Rampage rC+}
 15077 | Lair:2   | Reached XP level 14. HP: 124/124 MP: 13/13
 15577 | Lair:2   | Found a staircase to the Shoals.
 15700 | Lair:2   | Identified a scroll of acquirement
 15700 | Lair:2   | Acquired a manual of Polearms
 15932 | Lair:3   | Reached skill level 1 in Evocations
 16041 | Lair:3   | Found an ancient bone altar of Kikubaaqudgha.
 16179 | Lair:3   | You fall into a shaft and drop 1 floor!
 16265 | Lair:4   | Found a runed translucent gate.
 16277 | Lair:4   | Reached skill level 16 in Polearms
 16277 | Lair:4   | Reached skill level 15 in Armour
 16285 | Lair:4   | Found a runed translucent gate.
 16288 | Lair:4   | Noticed Muleplesh's ghost (journeyman FeTm)
 16294 | Lair:3   | Found a staircase to the Snake Pit.
 16628 | Lair:3   | Noticed Ughesav's ghost (journeyman TrFi)
 16639 | Lair:3   | Reached skill level 10 in Shields
 16819 | Lair:3   | Found a runed translucent gate.
 16822 | Lair:3   | Found a runed translucent gate.
 16823 | Lair:3   | Found a runed translucent gate.
 17061 | Lair:3   | Killed Ughesav's ghost
 17255 | Lair:4   | Found a staircase to the Slime Pits.
 17755 | Lair:4   | Found a runed translucent gate.
 18072 | Lair:5   | Entered Level 5 of the Lair of Beasts
 18306 | Lair:5   | Found a frozen archway.
 18315 | IceCv    | Entered an ice cave
 18329 | IceCv    | Found a transporter.
 18360 | IceCv    | Found a transporter.
 18829 | Lair:5   | Found a large runed translucent door.
 18829 | Lair:5   | Found a large runed translucent door.
 18831 | Lair:5   | Noticed Pissyil's ghost (journeyman GnRe)
 19074 | Lair:5   | Reached skill level 17 in Polearms
 19183 | Lair:5   | Identified the +7 trident of Fortitude {pain, rF- Will+++
                  | Str+2 Dex+5}
 19341 | Orc:1    | Entered Level 1 of the Orcish Mines
 19451 | Orc:1    | Noticed Fannar
 19477 | Orc:1    | Killed Fannar
 19634 | Orc:2    | Entered Level 2 of the Orcish Mines
 19957 | Orc:2    | Found a staircase to the Elven Halls.
 20015 | Orc:2    | Found Estrin's Antique Armour Shoppe.
 20084 | Orc:2    | Reached XP level 15. HP: 135/138 MP: 12/14
 20206 | Orc:2    | Found Ziace's General Store.
 20363 | Orc:2    | Found Vyskit's Antique Weapon Shoppe.
 20572 | Orc:2    | Found Cuninter's Jewellery Shop.
 20581 | Orc:2    | Bought the necklace of Bloodlust {*Rage Will++ Int-3
                  | Slay+6} for 498 gold pieces
 20581 | Orc:2    | Found the necklace of Bloodlust {*Rage Will++ Int-3 Slay+6}
 20655 | Orc:2    | Bought a scroll of enchant weapon for 120 gold pieces
 20655 | Orc:2    | Bought a scroll of identify for 32 gold pieces
 21351 | Elf:1    | Entered Level 1 of the Elven Halls
 21527 | Elf:1    | Reached skill level 18 in Polearms
 22063 | Elf:1    | Reached skill level 15 in Fighting
 22183 | Elf:1    | Paralysed by an air elemental for 1 turns
 22186 | Elf:1    | Paralysed by an air elemental for 1 turns
 22275 | Elf:1    | Found Visit's Antique Armour Shop.
 22277 | Elf:1    | Found Fitudu's Magic Scroll Boutique.
 22277 | Elf:1    | Found Rugoogh's Weapon Shop.
 22281 | Elf:1    | Found Adoodwifi's Weapon Boutique.
 22298 | Elf:1    | Bought a scroll of enchant weapon for 127 gold pieces
 22303 | Elf:1    | Bought a pair of shimmering boots for 256 gold pieces
 22303 | Elf:1    | Identified the +3 pair of boots "Nonnoqi" {rN+ Int+3} (You
                  | bought it in a shop on level 1 of the Elven Halls)
 22692 | Elf:2    | Found a runed translucent gate.
 22704 | Elf:2    | Found a runed translucent gate.
 22705 | Elf:2    | Found a runed translucent gate.
 22791 | Elf:2    | Paralysed by an air elemental for 1 turns
 22795 | Elf:2    | Reached XP level 16. HP: 149/149 MP: 15/15
 22949 | Elf:2    | Reached skill level 19 in Polearms
 23026 | Elf:2    | Reached skill level 15 in Shields
 23798 | Elf:2    | HP: 2/151 [+2 scimitar of electrocution (10)]
 24651 | Elf:3    | Entered Level 3 of the Elven Halls
 25213 | Elf:3    | Reached skill level 20 in Polearms
 25724 | Elf:3    | Noticed a deep elf master archer
 25834 | Elf:3    | Reached XP level 17. HP: 160/160 MP: 16/16
 25845 | Elf:3    | Killed a deep elf master archer
 25865 | Elf:3    | Noticed a deep elf blademaster
 26023 | Elf:3    | Killed a deep elf blademaster
 26076 | Elf:3    | Identified the ring of Rumyloatom {*Corrode MP+9 Dex+4
                  | Slay+2}
 26076 | Elf:3    | Noticed a deep elf blademaster
 26339 | Elf:3    | Identified the ring of Udeid {rElec rPois Will- Str+2
                  | Dex+6}
 26415 | Elf:3    | Identified the +1 ring mail "Eroaloatz" {rF+}
 26654 | Elf:3    | Killed a deep elf blademaster
 26660 | Elf:3    | Reached skill level 21 in Polearms
 26698 | Elf:3    | Identified the +5 long sword "Imnecsops" {holy, *Rage Will+
                  | Str+3 Stlth+}
 27141 | Elf:3    | Noticed a deep elf master archer
 27158 | Elf:3    | Killed a deep elf master archer
 27522 | Elf:3    | Identified the +2 short sword of Midwinter {vorpal, rN+
                  | rCorr Dex+2}
 27541 | Elf:3    | Found the +3 Mad Mage's Maulers {Infuse+∞ RegenMP Int-3}
 27736 | Elf:1    | Found an ancient bone altar of Kikubaaqudgha.
 28387 | D:14     | Found a shimmering blue altar of Sif Muna.
 28946 | D:15     | Entered Level 15 of the Dungeon
 29449 | Shoals:1 | Entered Level 1 of the Shoals
 29529 | Shoals:1 | Found an ornate altar of the Wu Jian Council.
 29796 | Shoals:1 | Reached XP level 18. HP: 172/172 MP: 0/17
 30232 | Shoals:2 | Reached skill level 22 in Polearms
 30555 | Shoals:2 | Noticed Polyphemus
 30579 | Shoals:2 | Killed Polyphemus
 31135 | Shoals:3 | Found Vathazo's Jewellery Emporium.
 31538 | Shoals:3 | Found Qeckun's Armour Boutique.
 31649 | Shoals:4 | Entered Level 4 of the Shoals
 31697 | Shoals:4 | Identified the amulet of Wirisie {Faith Int+2}
 31749 | Shoals:4 | Noticed Louise
 31749 | Shoals:4 | Noticed Nikola
 31756 | Shoals:4 | Killed Louise
 32148 | Shoals:3 | Killed Nikola
 32444 | Shoals:4 | Found Ticiac's General Store.
 32584 | Shoals:4 | Identified the +3 leather armour of the Harp {rElec Int+9
                  | Dex-5 Slay-4}
 32675 | Shoals:4 | Got a barnacled rune of Zot
 32737 | Shoals:4 | Identified the +7 great sword of Wariness {flame, Dex+4}
 33087 | Snake:1  | Entered Level 1 of the Snake Pit
 33533 | Snake:1  | Found a transporter.
 33547 | Snake:1  | Found a transporter.
 34700 | Snake:2  | Reached XP level 19. HP: 183/183 MP: 0/18
 35210 | Snake:3  | Reached skill level 5 in Stealth
 35583 | Snake:3  | Found Qockas's Assorted Antiques.
 35588 | Snake:3  | Found Litairghi's Weapon Boutique.
 35592 | Snake:3  | Found Kuntuemm's General Store.
 35593 | Snake:3  | Found Cugeengu's Jewellery Boutique.
 35619 | Snake:3  | Reached skill level 23 in Polearms
 35652 | Snake:3  | Bought a potion of heal wounds for 85 gold pieces
 35652 | Snake:3  | Bought a +2 hat for 272 gold pieces
 35659 | Snake:3  | Bought a scroll of teleportation for 57 gold pieces
 35734 | Snake:3  | Noticed Mara
 35771 | Snake:3  | Noticed Supernova1's illusion
 35797 | Snake:3  | Killed Mara
 35860 | Snake:3  | Found Fototsuw's Superior Scales.
 35885 | Snake:3  | Found Taxiaku's General Store.
 35900 | Snake:3  | Bought a scroll of enchant weapon for 97 gold pieces
 36079 | Snake:3  | Upgraded the game from 0.30-a0-219-gf2db51d15e to
                  | 0.30-a0-222-ge547ba4400
 36094 | Snake:4  | Entered Level 4 of the Snake Pit
 36384 | Snake:4  | Reached ***** piety under Trog
 37037 | Snake:4  | Got a serpentine rune of Zot
 37157 | Snake:4  | Found Xiguto's Magic Scroll Boutique.
 37165 | Snake:4  | Bought a scroll of teleportation for 54 gold pieces
 37739 | D:13     | Found a gate to the Vaults.
 38358 | Vaults:1 | Entered Level 1 of the Vaults
 38967 | Vaults:1 | Reached XP level 20. HP: 182/195 MP: 1/19
 39722 | Vaults:2 | Found a staircase to the Crypt.
 39822 | Vaults:2 | Reached skill level 24 in Polearms
 40534 | Vaults:2 | Noticed Sojobo
 40541 | Vaults:2 | Killed Sojobo
 42911 | Vaults:4 | Reached ****** piety under Trog
 43412 | Vaults:4 | Received a gift from Trog
 43438 | Vaults:4 | Reached XP level 21. HP: 207/207 MP: 0/20
 44010 | Vaults:4 | Identified the +3 robe of Gallantry {Rampage rElec Int-4
                  | Stlth-}
 44125 | Vaults:4 | Reached skill level 25 in Polearms
 44405 | Vaults:4 | Found Wuotzipa's Book Emporium.
 44519 | Vaults:4 | Reached skill level 10 in Dodging
 44830 | Vaults:5 | Entered Level 5 of the Vaults
 44843 | Vaults:4 | Received a gift from Trog
 45358 | Vaults:5 | Noticed a golden dragon
 45363 | Vaults:5 | Received a gift from Trog
 45363 | Vaults:5 | Found the +8 lance "Wyrmbane" {slay drac, rPois rF+ rC+
                  | AC+3}
 45766 | Vaults:4 | Killed a golden dragon
 45952 | Vaults:5 | Noticed a golden dragon
 46409 | Vaults:4 | Killed a golden dragon
 46802 | Vaults:5 | Noticed a golden dragon
 46820 | Vaults:4 | Slain by a vault warden

Illustrated notes

Levels and vault maps discovered:
D:1:      roderic_chinese_lattice_arrival, layout_loops_ring,
          hellmonk_ecumenical_altar_leap_of_faith
D:2:      layout_rooms, basic_altar, uniq_robin, uniq_terence
D:3:      layout_basic
D:4:      layout_loops_ring, minmay_temple_entry_arrows, serial_glass,
          glass_columns_b, glass_columns_a, uniq_sigmund, uniq_grinder
D:5:      layout_basic, supply_closet_lemuel, chequers_mini_garden,
          uniq_prince_ribbit1
D:6:      minmay_diamond_boxcup, layout_cave_pools, serial_bayou_pond_b,
          eino_small_chamber_without_monster
D:7:      kennysheep_six_static_rooms, layout_rooms
D:8:      layout_loops_ring, minitemple, grunt_decor_mini_mirrors, uniq_maggie,
          uniq_maurice, uniq_pikel
D:9:      layout_basic, lemuel_round_altar, nicolae_overflow_two_pavilions,
          serial_shops, nicolae_inconvenience_store, nicolae_shop_stone
D:10:     layout_rooms, grunt_lair_entry_orc_guard_hut, enter_bailey_3
D:11:     layout_irregular_city, erik_orc_3, tso_metal_star
D:12:     layout_cave_pods, uniq_jorgrun, uniq_sonja
D:13:     layout_irregular_city, grunt_vaults_entry_fortified,
          beargit_elvish_explorers
D:14:     layout_cross, chequers_serial_rivers_small_3, led_sif_book
D:15:     hangedman_depths_entry_civil_slaughter, layout_basic,
          minmay_misc_feat_hallway, minivault_7
Lair:1:   layout_loops_ring, special_room, patterned_corridor,
          serial_bayou_shore_b, serial_bayou_shore_a, uniq_amaemon,
          uniq_gastronok
Lair:2:   layout_gridlike, minmay_shoals_entry_hut, basic_altar,
          gauntlet_entry_generic
Lair:3:   wad_woods_stonehenge, layout_hall_layers, guppyfry_snake_entry_island,
          gammafunk_ghost_split
Lair:4:   layout_small_grid, slime_entry_1, gammafunk_ghost_hydra_chop,
          grunt_megastairs_4
Lair:5:   gammafunk_lair_ancient_temple, layout_gridlike,
          ebering_ghost_disaster_area, portal_ice_cave_entry_pillars_2,
          st_stairs_7, grunt_megastairs_2
Shoals:1: layout_shoals, lemuel_altar_in_water
Shoals:2: layout_shoals, nicolae_shoals_nautilus_by_nature, uniq_polyphemus
Shoals:3: layout_shoals, serial_shops, nicolae_shop_competitors_out_of_business,
          nicolae_shop_hallway_plus, nicolae_shoals_undead_eyrie
Shoals:4: shoals_end_simple, layout_shoals, serial_shops, shop, uniq_nikola,
          uniq_louise
Snake:1:  gammafunk_sealed_arena, layout_basic
Snake:2:  layout_onion, serial_bayou_lagoon_a, serial_bayou_ford_a,
          abandoned_shop
Snake:3:  layout_misc_corridors, minmay_shop_grid_forest, nicolae_stop_n_shop_1,
          hellmonk_scale_shop, serial_bayou_shore_b, uniq_mara
Snake:4:  hellmonk_snake_rune_quicksilver_temple, layout_onion_interference,
          serial_shops, nicolae_square_shop, drop_trap, serial_bayou_shore_b
Orc:1:    layout_caves, uniq_fannar
Orc:2:    grunt_orc_gardens, layout_caves, grunt_orc_garden, grunt_orc_garden,
          grunt_orc_garden, grunt_orc_garden
Elf:1:    minmay_elf_arrival_summoners, layout_gridlike,
          hangedman_elven_crosses_minicolossus, lemuel_upstairs_altar,
          minmay_shoptagon
Elf:2:    nicolae_elf_blades_splatter_lattice
          [nicolae_blade_entry_diamond_columns], layout_onion_city
Elf:3:    minmay_elf_hall_x, layout_loops_ring, serial_shops, bzr_firewalk,
          nicolae_elf_m_pinch, nrook_uturn,
          nicolae_elf_glass_and_crystal_pillar_2, hangedman_elf_simple_split
Vaults:1: v_misc_26, hangedman_vaults_cutoff, nicolae_vaults_big_ls,
          grunt_vaults_swirl, hangedman_vaults_stagger, vaults_room_corners,
          grunt_vaults_hallway_short, layout_vaults_omnigrid, serial_shops,
          shop_statue
Vaults:2: minmay_crypt_entry_simple_round, grunt_vaults_focal,
          vaults_standard_mumra_lines, hangedman_vaults_impose,
          nicolae_vaults_network_star, vaults_room_pools,
          nicolae_vaults_ninety_degrees, nicolae_vaults_alarming, v_rooms_4,
          grunt_vaults_bifocal, layout_vaults_omnicross, serial_shops,
          freezing_bzr, uniq_sojobo, uniq_margery
Vaults:3: ontoclasm_vaults_ring_square, nicolae_vaults_rhombus_5, v_misc_5,
          grunt_vaults_funnel, vaults_room_ringed_pool, v_misc_32,
          grunt_vaults_hallway_short, nicolae_vaults_quadrants, v_misc_11,
          dpeg_vaults_monster_row, v_misc_11, layout_vaults_omnibox
Vaults:4: nicolae_vaults_network_quincunx
          [nicolae_vaults_network_quincunx_subvault,
          nicolae_vaults_network_quincunx_subvault,
          nicolae_vaults_network_quincunx_subvault,
          nicolae_vaults_network_quincunx_subvault,
          nicolae_vaults_network_quincunx_subvault], vaults_dpeg_encased_lava,
          ontoclasm_vaults_chip, hangedman_vaults_stream, vaults_dpeg_ring,
          st_octagons_2, nicolae_vaults_little_squares_1,
          dpeg_vaults_monster_box, vaults_room_fours,
          layout_vaults_chaotic_city, serial_shops, shop
Vaults:5

Skill      XL: |  1  2  3  4  5  6  7  8  9 10 11 12 13 14 15 16 17 18 19 20 21 |
---------------+----------------------------------------------------------------+-----
Axes           | 4 5 6 8 9 |  9.9
Fighting       | 4 5 6 8 10 11 12 14 15 16 18 19 20 22 23 | 23.2
Dodging        | 3 4 6 7 8 9 10 | 10.1
Armour         | 4 5 6 8 9 10 11 12 14 15 16 17 18 19 20 | 20.3
Polearms       | 3 8 11 13 14 15 17 18 20 21 22 23 24 25 | 25.3
Shields        | 1 2 3 6 7 9 12 14 17 18 20 21 22 24 | 24.1
Stealth        | 2 3 4 5 |  5.2
Evocations     | 1 |  1.5

Action                   |  1- 3 |  4- 6 |  7- 9 | 10-12 | 13-15 | 16-18 | 19-21 || total
-------------------------+-------+-------+-------+-------+-------+-------+-------++-------
Melee: Hand axe          |    59 |    93 |    86 |       |       |       |       ||   238
       Headbutt          |     6 |     8 |    50 |    75 |   211 |   223 |   253 ||   826
       Punch             |       |     1 |       |       |       |       |       ||     1
       Trident           |       |       |   153 |   383 |   298 |       |       ||   834
       Demon trident     |       |       |       |       |   686 |  1033 |  1080 ||  2799
Invok: Berserk           |     2 |     4 |     9 |    15 |    35 |    20 |     6 ||    91
       Trog's Hand       |       |     1 |     6 |    15 |    43 |    87 |    33 ||   185
       Brothers in Arms  |       |       |       |       |     3 |     1 |     1 ||     5
 Abil: Evoke Invisibilit |       |       |       |       |     1 |       |       ||     1
Evoke: Lightning rod     |       |       |       |       |     1 |       |       ||     1
  Use: Scroll            |       |       |    10 |     4 |    21 |    18 |     2 ||    55
       Potion            |       |       |       |     1 |     1 |     6 |     3 ||    11
 Stab: Invisible         |       |       |       |       |     4 |       |       ||     4
       Distracted        |       |       |       |       |     1 |       |     1 ||     2
       Sleeping          |       |       |       |       |       |     6 |     1 ||     7
Armor: Animal skin       |    13 |     4 |       |       |       |       |       ||    17
       Chain mail        |       |    34 |   139 |   172 |   366 |   194 |       ||   905
       Shadow dragon sca |       |       |       |       |       |   238 |    37 ||   275
       Plate armour      |       |       |       |       |       |       |   310 ||   310
Dodge: Dodged            |    33 |    44 |    88 |   164 |   275 |   240 |   175 ||  1019
Block: Buckler           |       |       |    30 |    85 |    71 |       |       ||   186
       Tower shield      |       |       |       |       |   532 |   843 |   697 ||  2072

Table legend: (Time is in decaauts)
 A = Elapsed time spent in this place.
 B = Non-inter-level travel time spent in this place.
 C = Inter-level travel time spent in this place.
 D = Time resting spent in this place.
 E = Time spent auto-exploring this place.
 F = Levels seen in this place.
 G = Mean time per level.
                   A        B        C        D        E       F      G
               +--------+--------+--------+--------+--------+-----+--------+
         Total |  48751 |  35361 |  13390 |   8943 |  15057 |  41 | 1189.0 |
       Dungeon |  14725 |  11739 |   2986 |   2140 |   6973 |  15 |  981.7 |
          Lair |   5859 |   4557 |   1302 |    311 |   3154 |   5 | 1171.8 |
        Shoals |   3953 |   1977 |   1976 |    725 |     24 |   4 |  988.2 |
     Snake Pit |   4673 |   2742 |   1931 |   1087 |    215 |   4 | 1168.2 |
  Orcish Mines |   2532 |   1719 |    813 |    554 |    612 |   2 | 1266.0 |
   Elven Halls |   6930 |   3912 |   3018 |   1753 |      0 |   3 | 2310.0 |
        Vaults |   8706 |   7345 |   1361 |   2083 |   4020 |   5 | 1741.2 |
        Bailey |    635 |    635 |      0 |    144 |     57 |   1 |  635.0 |
      Ice Cave |    115 |    115 |      0 |      0 |      0 |   1 |  115.0 |
      Gauntlet |    619 |    619 |      0 |    145 |      0 |   1 |  619.0 |
               +--------+--------+--------+--------+--------+-----+--------+

Top non-repeatable levels by time:
Vaults:4: 4141 daAuts
   Elf:2: 2860 daAuts
   Elf:3: 2760 daAuts
    D:13: 1956 daAuts
Vaults:2: 1864 daAuts
   Orc:2: 1700 daAuts
 Snake:1: 1388 daAuts
 Snake:4: 1386 daAuts
Vaults:3: 1376 daAuts
  Lair:3: 1355 daAuts
    D:12: 1347 daAuts
    D:11: 1344 daAuts
Shoals:2: 1312 daAuts
  Lair:1: 1311 daAuts
   Elf:1: 1309 daAuts
